 Dungeon Crawl Stone Soup version 0.29.0-5-ge4962eb29e (webtiles) character file.

Game seed: 6287254393174288039

438 Pagrax the Ruffian (level 6, -1/62 HPs)
             Began as a Troll Berserker on Aug 29, 2022.
             Was an Elder of Trog.
             Slain by an orc priest
             ... wielding a +2 vorpal trident
              (2 damage)
             ... on level 4 of the Dungeon.
             The game lasted 00:10:38 (2937 turns).

Pagrax the Ruffian (Troll Berserker)                Turns: 2937, Time: 00:10:38

Health: -1/62      AC:  4    Str: 28    XL:     6   Next: 69%
Magic:  5/5        EV: 10    Int:  3    God:    Trog [****..]
Gold:   365        SH:  0    Dex:  9    Spells: 5/5 levels left

rFire   . . .      SeeInvis +     - Unarmed
rCold   + . .      Faith    .   (no shield)
rNeg    . . .      Spirit   .   a - +0 animal skin
rPois   .          Reflect  .   (helmet restricted)
rElec   .          Harm     .   (no cloak)
rCorr   .          Rampage  .   (gloves unavailable)
Will    .....                   (boots unavailable)
Stlth   +.........              (no amulet)
HPRegen 1.00/turn               k - ring of see invisible
MPRegen 0.09/turn               l - ring of protection from cold

@: no status effects
A: large, unfitting armour, claws 3, regeneration 1, shaggy fur 1, tough skin 1
a: Renounce Religion, Berserk, Trog's Hand, Brothers in Arms


You were on level 4 of the Dungeon.
You worshipped Trog.
Trog was greatly pleased with you.
You visited 1 branch of the dungeon, and saw 4 of its levels.
You also visited: Ossuary.

You collected 365 gold pieces.

Inventory:

Armour
 a - a +0 animal skin (worn)
Jewellery
 k - a ring of see invisible (left claw)
 l - a ring of protection from cold (right claw)
 s - a ring of magical power
Scrolls
 b - a scroll of teleportation {unknown}
 d - a scroll of blinking {unknown}
 e - a scroll of noise {unknown}
 g - 3 scrolls of fear {unknown}
 i - a scroll of poison {unknown}
 j - 3 scrolls of immolation
 m - a scroll of magic mapping {unknown}
 o - 2 scrolls of enchant armour {unknown}
 q - a scroll of butterflies
 y - 3 scrolls of amnesia {unknown}
Potions
 c - 4 potions of haste
 f - 5 potions of curing
 h - 2 potions of heal wounds {unknown}
 n - a potion of berserk rage {unknown}
 p - 2 potions of resistance {unknown}
 r - a potion of ambrosia {unknown}
 t - a potion of degeneration {unknown}
 u - 3 potions of flight {unknown}
 v - a potion of might
 w - a potion of lignification {unknown}
 x - 3 potions of mutation {unknown}


   Skills:
 + Level 3.8 Fighting
 + Level 1.6 Armour
 + Level 4.0 Dodging
 + Level 4.8 Unarmed Combat


You had 5 spell levels left.
You didn't know any spells.
Your spell library contained the following spells:

 Spells                   Type           Power      Damage    Failure   Level
 Shock                    Conj/Air       0%         1d3       52%         1
 Swiftness                Air            0%         N/A       88%         3
 Airstrike                Air            0%         2d(0-16)  99%         4


Dungeon Overview and Level Annotations

Branches:
Dungeon (4/15)            Ossuary (visited)
 Temple: D:4-7

Altars:
Makhleb
Okawaru
Uskayaw

Shops:
D:2 [

Annotations:
D:4 1 transporter


Innate Abilities, Weirdness & Mutations

You are too large for most types of armour.
You have claws for hands.
Your natural rate of healing is unusually fast.
You are covered in fur. (AC +1)
You have tough skin. (AC +1)


Message History

The adder closely misses you.
You barely miss the adder.
The adder is severely wounded.
The adder bites you but does no damage.
You scratch the adder.
The adder is almost dead.
The adder bites you but does no damage.
You claw the adder!
You kill the adder!
Trog accepts your kill.
Your life force feels restored.
You claw the orc!
You kill the orc!
Trog accepts your kill.
You scratch the orc but do no damage. Your claw misses the orc.
You scratch the orc.
The orc is heavily wounded.
You miss the orc wizard. You claw the orc wizard.
The orc wizard is lightly wounded.
You claw the orc wizard!
The orc wizard is severely wounded.
The orc wizard hits you with a +0 dagger.
The orc priest invokes the aid of Beogh against you.
Beogh smites you!
* * * LOW HITPOINT WARNING * * *
You closely miss the orc wizard.
The orc wizard is severely wounded.
The orc wizard misses you. The orc priest barely misses you.
You mangle the orc wizard!!
You kill the orc wizard!
Trog accepts your kill.
Trog appreciates your killing of a magic user.
The orc priest hits you from afar with a +2 vorpal trident!
* * * LOW HITPOINT WARNING * * *
x2 You scratch the orc but do no damage.
The orc is heavily wounded.
The orc hits you with a +0 mace.
* * * LOW HITPOINT WARNING * * *
The orc priest hits you from afar with a +2 vorpal trident.
You die...

#.## #... #.## #.##
#... #### #..# ..#
#..# #.# #... #@# #.##
#o#############...
#.o...........####
.#.#.######o########.#
.....S..oo.........#.#
........o..o.........#
##
....####....###...####
#. .##
##..##.##..######.
#.## #?#.........


You could see an orc priest and an orc.

Vanquished Creatures
  A necrophage (D:4)
  An iguana (D:4)
  2 orc priests (D:3)
  2 orc wizards
  8 mummies (Ossuary)
  3 adders
  An ufetubus (D:4)
  2 dart slugs
  17 orcs
  10 ball pythons
  2 bats (D:2)
  4 endoplasms
  4 giant cockroaches
  7 goblins
  11 hobgoblins
  2 jackals (D:2)
  2 quokkas
  3 frilled lizards
  3 gnoll zombies (Ossuary)
  A hobgoblin zombie (Ossuary)
  4 kobolds
  4 kobold zombies (Ossuary)
  3 rats
97 creatures vanquished.

Notes
Turn   | Place    | Note
-------+----------+-------------------------------------------
     0 | D:1      | Pagrax the Troll Berserker began the quest for the Orb.
     0 | D:1      | Reached XP level 1. HP: 22/22 MP: 0/0
    94 | D:1      | Reached XP level 2. HP: 29/29 MP: 1/1
   356 | D:1      | Found a faded altar of an unknown god.
   774 | D:2      | Found Hosujet's Armour Boutique.
   786 | D:2      | Reached ** piety under Trog
   787 | D:2      | Reached XP level 3. HP: 37/37 MP: 2/2
  1389 | D:3      | Reached XP level 4. HP: 32/45 MP: 3/3
  1494 | D:3      | Found an iron altar of Okawaru.
  1495 | D:3      | Found a hide-covered altar of Uskayaw.
  1495 | D:3      | Found a burning altar of Makhleb.
  1520 | D:3      | Reached *** piety under Trog
  1635 | D:3      | Reached XP level 5. HP: 53/53 MP: 4/4
  2449 | D:4      | Found a sand-covered staircase.
  2455 | Ossuary  | Entered an ossuary
  2475 | Ossuary  | Reached skill level 1 in Armour
  2489 | Ossuary  | Reached XP level 6. HP: 48/61 MP: 5/5
  2546 | Ossuary  | Reached **** piety under Trog
  2910 | D:4      | Found a transporter.
  2937 | D:4      | HP: 1/62 [orc/+0 mace (6)]
  2937 | D:4      | Slain by an orc priest

Illustrated notes

Levels and vault maps discovered:
D:1:      grunt_arrival_crossed_arrows, layout_loops_cross,
          dilly_ecumenical_altar_fadedgnrine
D:2:      layout_basic, serial_shops, shop_fountains,
          hangedman_abyss_or_decor_stabs
D:3:      layout_basic, chequers_temple_overflow_statue_of_worship,
          kennysheep_generic_room_10
D:4:      layout_basic, minmay_temple_entry_junction,
          gammafunk_ghost_abyssal_escape, nicolae_ossuary_entry_ruins,
          hangedman_decor_lopped

Skill      XL: |  1  2  3  4  5  6 |
---------------+-------------------+-----
Fighting       | 3 |  3.8
Dodging        | 3 4 |  4.0
Unarmed Combat | 4 |  4.8
Armour         | 1 |  1.6

Action                   |  1- 3 |  4- 6 || total
-------------------------+-------+-------++-------
Melee: Unarmed           |   119 |   171 ||   290
       Punch             |     2 |     5 ||     7
  Use: Scroll            |     1 |     4 ||     5
       Potion            |       |     1 ||     1
Armor: Animal skin       |    43 |    30 ||    73
Dodge: Dodged            |    69 |    69 ||   138
